 Dungeon Crawl Stone Soup version 0.30-a0-364-gf6b3ef1049 (webtiles) character file.

Game seed: 7210627060927563356

7700 HolyTactitian the Slicer (level 11, -1/95 HPs)
             Began as a Minotaur Fighter on Nov 14, 2022.
             Was an Initiate of Gozag.
             Slain by an unseen horror (8 damage)
             ... on level 10 of the Dungeon.
             The game lasted 01:10:58 (11656 turns).

HolyTactitian the Slicer (Minotaur Fighter)        Turns: 11656, Time: 01:10:59

Health: -1/95      AC:  9    Str: 22    XL:     11   Next: 0%
Magic:  10/10      EV: 13    Int:  5    God:    Gozag
Gold:   2096       SH: 11    Dex: 11    Spells: 10/10 levels left

rFire   + . .      SeeInvis .    x - +12 rapier "Yrhiug" {vorpal, rN+}
rCold   x . .      Faith    .    c - +0 buckler
rNeg    + . .      Spirit   .    N - +2 acid dragon scales
rPois   +          Reflect  +    (helmet unavailable)
rElec   .          Harm     .    (no cloak)
rCorr   +          Rampage  .    F - +1 pair of gloves
Will    +....                    (no boots)
Stlth   ++........               h - amulet of reflection
HPRegen 0.35/turn                f - ring of willpower
MPRegen 0.12/turn                W - ring of fire

@: gold aura, invisible
A: horns 3, retaliatory headbutt, deformed body, poison resistance, weak 1
a: Renounce Religion, Potion Petition, Call Merchant, Bribe Branch


You were on level 10 of the Dungeon.
You worshipped Gozag.
Gozag was most pleased with you.
You visited 1 branch of the dungeon, and saw 10 of its levels.
You also visited: Sewer.

You collected 2096 gold pieces.

Inventory:

Hand Weapons
 a - a +1 whip of draining
 k - a +2 falchion of electrocution
 q - a +5 club
 x - the +12 rapier "Yrhiug" (weapon) {vorpal, rN+}
   (You found it on level 4 of the Dungeon)

   It inflicts extra damage upon your enemies.
   rN:        It protects you from negative energy.
 K - a +2 trident of flaming
Missiles
 u - 2 atropa-tipped darts (quivered)
 y - 35 poisoned darts
Armour
 b - a +0 scale mail
 c - a +0 buckler (worn)
 p - a +0 ring mail
 F - a +1 pair of gloves (worn)
 N - +2 acid dragon scales (worn)
 O - an orb of guile
Jewellery
 f - a ring of willpower (left hand)
 h - an amulet of reflection (around neck)
 E - an amulet of magic regeneration
 L - an amulet of the acrobat
 Q - a ring of protection from fire
 U - a +6 ring of intelligence
 W - a ring of fire (right hand)
Wands
 J - a wand of flame (31)
 M - a wand of iceblast (14)
 P - a wand of light (5)
 Y - a wand of mindburst (10)
Scrolls
 e - a scroll of poison {unknown}
 g - a scroll of summoning {unknown}
 i - 4 scrolls of enchant weapon {unknown}
 j - a scroll of butterflies {unknown}
 l - 4 scrolls of teleportation {unknown}
 m - 11 scrolls of identify {unknown}
 o - 2 scrolls of blinking {unknown}
 B - 2 scrolls of enchant armour {unknown}
 D - a scroll of magic mapping {unknown}
 G - 2 scrolls of noise {unknown}
 I - a scroll of torment {unknown}
 R - a scroll of immolation {unknown}
 S - a scroll of vulnerability {unknown}
 X - a scroll of fear {unknown}
Potions
 d - a potion of might
 n - 3 potions of berserk rage {unknown}
 r - a potion of attraction {unknown}
 s - 4 potions of curing {unknown}
 t - 4 potions of mutation
 v - 4 potions of haste
 w - 2 potions of degeneration {unknown}
 z - a potion of magic
 C - a potion of resistance {unknown}
 T - a potion of cancellation {unknown}
Miscellaneous
 V - a phantom mirror (inert)


   Skills:
 + Level 8.5 Fighting
 + Level 10.3(10.6) Short Blades
 + Level 4.2(8.4) Long Blades
 + Level 1.1 Maces & Flails
 + Level 0.4 Throwing
 + Level 8.9 Armour
 + Level 5.6 Dodging
 + Level 3.1 Stealth
 + Level 9.4 Shields
 + Level 2.1 Evocations


You had 10 spell levels left.
You didn't know any spells.
Your spell library contained the following spells:

 Spells                   Type           Power      Damage    Failure   Level
 Ensorcelled Hibernation  Hex/Ice        0%         N/A       77%         2
 Gell's Gravitas          Tloc           0%         N/A       94%         3
 Spider Form              Tmut/Pois      0%         N/A       94%         3
 Teleport Other           Tloc           0%         N/A       94%         3
 Anguish                  Hex/Necr       0%         N/A       100%        4
 Dispersal                Tloc           0%         N/A       100%        6


Dungeon Overview and Level Annotations

Branches:
Dungeon (10/15)            Temple (0/1) D:4            Lair (0/5) D:10
  Sewer (visited)
    Orc: D:9-12

Altars:
Cheibriados
Fedhas
Gozag
Ru
Trog
Wu Jian
Yredelemnul


Innate Abilities, Weirdness & Mutations

You have a pair of large horns on your head.
You reflexively headbutt those who attack you in melee.
Armour fits poorly on your strangely shaped body.
Your system is resistant to poisons. (rPois)
You are weak. (Str -2)


Message History

You hit something. Something hits you! Something hits you. The yak gores you.
You block the yak's attack. The yak closely misses you.
You feel much better. Something hits you but does no damage.
Something hits you. The yak gores you! The yak closely misses you.
You furiously retaliate!
You headbutt the yak. You block the yak's attack.
You puncture something! You headbutt something!
Unknown command.
You miss something. Your headbutt misses something. Something hits you.
The yak gores you but does no damage. You block the yak's attack.
The yak gores you.
Unknown command.
The yak attacks as you move away! You block the yak's attack.
Something hits you but does no damage. The yak misses you.
You furiously retaliate!
You headbutt the yak! You impale the yak!!
You kill the yak!
The yak is no longer distracted by gold.
Something hits you. You block the yak's attack.
The yak is distracted by your dazzling golden aura.
You have reached level 11!
The yak bellows!
You puncture the yak!
The yak is severely wounded.
Something hits you. Something barely misses you.
You closely miss something. Something hits you. The yak gores you!
* * * LOW HITPOINT WARNING * * *
You block the yak's attack.
Unknown command.
You fade into invisibility!
Something hits you.
* * * LOW HITPOINT WARNING * * *
The yak is distracted by your dazzling golden aura.
The yak gores you!
* * * LOW HITPOINT WARNING * * *
The yak bellows!
You barely miss the yak. You headbutt the yak.
The yak is severely wounded.
Something hits you!
You die...
Your body crumbles into a pile of gold.

#..# #........ ##.#
#....... #.# #.....♣
###'###### #..._.♣ #
#........# #..... .#
#........#####..♣♣♣♣..#
#........#...'........#
'........')###........#
#........### #.Y@######
#........# #.Y$#
####+##### ##.Y.......
#.Y....... ###..##.#.
#.# .. .. ... $ ....


You could see 4 yaks.

Vanquished Creatures
  Joseph (D:7)
  Maggie (D:6)
  A troll (D:9)
  2 hornets
  3 wyverns
  2 wraiths
  8 yaks
  4 steam dragons
  Menkaure (D:7)
  4 water moccasins
  An acid dragon (D:10)
  5 black bears
  An ice beast (D:6)
  2 centaurs
  2 ogres (D:5)
  3 wolves (D:10)
  6 kobold brigands
  A necrophage (D:5)
  A bullfrog (D:8)
  2 scorpions
  7 wights
  6 killer bees (D:8)
  An electric eel (D:8)
  A lava snake (D:8)
  A hound (D:6)
  5 jellies
  3 orc priests
  A gnoll bouda (D:5)
  Natasha (thrice) (D:3)
  6 iguanas
  Ijyb (D:3)
  Terence (D:3)
  5 orc wizards
  4 gnolls (D:5)
  11 adders
  A shadow imp (D:8)
  22 orcs
  6 bats
  7 endoplasms
  6 giant cockroaches
  14 goblins
  A hobgoblin (D:4)
  28 kobolds
  4 quokkas
  6 ball pythons
  2 frilled lizards (D:2)
  6 rats
210 creatures vanquished.

Vanquished Creatures (others)
  2 fungi
  8 plants
10 creatures vanquished.

Grand Total: 220 creatures vanquished

Notes
Turn   | Place    | Note
-------+----------+-------------------------------------------
     0 | D:1      | HolyTactitian the Minotaur Fighter began the quest for the
                  | Orb.
     0 | D:1      | Reached XP level 1. HP: 19/19 MP: 0/0
    77 | D:1      | Found a faded altar of an unknown god.
    89 | D:1      | Prayed at the altar of an unknown god.
    89 | D:1      | Became a worshipper of Gozag Ym Sagoz the Greedy
   210 | D:1      | Reached XP level 2. HP: 27/27 MP: 1/1
   561 | D:2      | Reached XP level 3. HP: 17/33 MP: 2/2
   992 | D:2      | Reached XP level 4. HP: 38/40 MP: 3/3
  1448 | D:2      | Found a snail-covered altar of Cheibriados.
  1610 | D:3      | Noticed Ijyb
  1613 | D:3      | Paralysed by Ijyb for 3 turns
  1618 | D:3      | Paralysed by Ijyb for 4 turns
  1633 | D:3      | Killed Ijyb
  1654 | D:3      | Found a basalt altar of Yredelemnul.
  1654 | D:3      | Noticed Natasha
  1666 | D:3      | Killed Natasha
  1678 | D:3      | Noticed Natasha
  1690 | D:3      | Killed Natasha
  1691 | D:3      | Reached skill level 1 in Dodging
  1691 | D:3      | Reached XP level 5. HP: 24/47 MP: 4/4
  1880 | D:3      | Noticed Natasha
  1899 | D:3      | Killed Natasha
  2205 | D:3      | Noticed Terence
  2214 | D:3      | Killed Terence
  2215 | D:3      | Reached skill level 5 in Armour
  3170 | D:4      | Found a bloodstained altar of Trog.
  3218 | D:4      | Identified the +12 rapier "Yrhiug" {vorpal, rN+}
  3268 | D:4      | Reached XP level 6. HP: 52/53 MP: 5/5
  3287 | D:4      | Found a glowing drain.
  3313 | Sewer    | Entered a sewer
  3325 | Sewer    | Reached skill level 1 in Short Blades
  3325 | Sewer    | Reached skill level 1 in Maces & Flails
  3861 | Sewer    | Reached skill level 5 in Fighting
  4163 | D:4      | Found a staircase to the Ecumenical Temple.
  4209 | D:4      | Reached skill level 5 in Shields
  4209 | D:4      | Reached XP level 7. HP: 55/61 MP: 6/6
  4517 | D:5      | Entered Level 5 of the Dungeon
  4533 | D:5      | Reached skill level 2 in Short Blades
  4561 | D:5      | Reached skill level 3 in Short Blades
  4826 | D:5      | Reached skill level 4 in Short Blades
  4826 | D:5      | Reached XP level 8. HP: 50/68 MP: 7/7
  5235 | D:5      | Found an opulent altar of Gozag.
  5751 | D:6      | Reached skill level 5 in Short Blades
  5751 | D:6      | Reached skill level 1 in Stealth
  6131 | D:6      | Reached skill level 6 in Short Blades
  6356 | D:6      | Noticed Maggie
  6365 | D:6      | Killed Maggie
  7097 | D:7      | Reached XP level 9. HP: 70/75 MP: 8/8
  7138 | D:7      | Noticed Menkaure
  7155 | D:7      | Killed Menkaure
  7336 | D:7      | Found a sacrificial altar of Ru.
  7410 | D:7      | Reached skill level 7 in Short Blades
  7423 | D:7      | Reached skill level 1 in Evocations
  7819 | D:7      | Noticed Joseph
  7833 | D:7      | Killed Joseph
  7971 | D:7      | Reached skill level 8 in Short Blades
  8345 | D:8      | Found a blossoming altar of Fedhas.
  8660 | D:8      | Reached XP level 10. HP: 11/86 MP: 9/9
  9360 | D:8      | Gained mutation: Your system is resistant to poisons.
                  | (rPois) [potion of mutation]
  9360 | D:8      | Gained mutation: You are weak. (Str -2) [potion of
                  | mutation]
  9360 | D:8      | Gained mutation: Armour fits poorly on your strangely
                  | shaped body. [potion of mutation]
  9360 | D:8      | Gained mutation: You have a pair of large horns on your
                  | head. [potion of mutation]
 10070 | D:8      | Reached skill level 9 in Short Blades
 11350 | D:10     | Entered Level 10 of the Dungeon
 11444 | D:10     | Reached skill level 5 in Dodging
 11446 | D:10     | Found a staircase to the Lair.
 11458 | D:10     | Reached skill level 10 in Short Blades
 11632 | D:10     | Found an ornate altar of the Wu Jian Council.
 11653 | D:10     | Reached XP level 11. HP: 36/95 MP: 10/10
 11656 | D:10     | Slain by an unseen horror

Illustrated notes

Levels and vault maps discovered:
D:1:      lightli_arrival_flooded_house, layout_rooms,
          ebering_ecumenical_altar_mist, minmay_cut_off
D:2:      layout_loops_cross, basic_altar
D:3:      layout_basic, general_overflow_altar,
          minmay_fractal_squares_gapless_5, uniq_terence,
          uniq_crazy_yiuf_cottage, uniq_natasha, uniq_ijyb
D:4:      layout_basic, trog_three_pillars_becter, temple_doors_e,
          gup_sewer_entry_glass
D:5:      layout_cave_pods, amcnicky_altar_gilded
D:6:      layout_loops_corners, uniq_maggie
D:7:      layout_gridville, lemuel_crystal_altar, enter_bailey_3, uniq_joseph,
          uniq_menkaure
D:8:      layout_cave_pods, mainiacjoe_overflow_boulevard,
          nicolae_lava_and_water
D:9:      layout_basic
D:10:     layout_roguey, mainiacjoe_overflow_chevrons, minmay_lair_entry_grove,
          serial_bayou_pond_b, chequers_serial_rivers_micro_a, uniq_erolcha

Skill      XL: |  1  2  3  4  5  6  7  8  9 10 |
---------------+-------------------------------+-----
Armour         | 4 5 6 7 8 |  8.9
Fighting       | 4 5 7 8 |  8.5
Shields        | 4 5 6 7 9 |  9.4
Long Blades    | 3 4 |  4.2
Dodging        | 1 2 3 4 5 |  5.6
Short Blades   | 1 4 6 8 10 | 10.3
Maces & Flails | 1 |  1.1
Stealth        | 1 2 3 |  3.1
Evocations     | 1 2 |  2.1
Throwing       | |  0.4

Action                   |  1- 3 |  4- 6 |  7- 9 | 10-12 || total
-------------------------+-------+-------+-------+-------++-------
Melee: Long sword        |    81 |       |       |       ||    81
       Headbutt          |     6 |    20 |    27 |    25 ||    78
       Falchion          |     6 |    24 |       |       ||    30
       Club              |       |    61 |       |       ||    61
       Rapier            |       |    63 |   197 |   125 ||   385
Throw: Dart              |       |       |     2 |       ||     2
Evoke: Wand              |       |       |    10 |     7 ||    17
       Phantom mirror    |       |       |       |     1 ||     1
  Use: Potion            |       |       |     1 |     9 ||    10
 Stab: Distracted        |       |     1 |     2 |       ||     3
Armor: Scale mail        |    52 |    40 |    56 |       ||   148
       Acid dragon scale |       |       |    30 |    29 ||    59
Dodge: Dodged            |    28 |    49 |    93 |    55 ||   225
Block: Buckler           |    32 |    66 |    94 |    61 ||   253
       Reflection        |       |       |     2 |     2 ||     4

Table legend: (Time is in decaauts)
 A = Elapsed time spent in this place.
 B = Non-inter-level travel time spent in this place.
 C = Inter-level travel time spent in this place.
 D = Time resting spent in this place.
 E = Time spent auto-exploring this place.
 F = Levels seen in this place.
 G = Mean time per level.
                   A        B        C        D        E       F      G
               +--------+--------+--------+--------+--------+-----+--------+
         Total |  11766 |  10848 |    918 |   2620 |      0 |  11 | 1069.6 |
       Dungeon |  10987 |  10069 |    918 |   2453 |      0 |  10 | 1098.7 |
         Sewer |    778 |    778 |      0 |    167 |      0 |   1 |  778.0 |
               +--------+--------+--------+--------+--------+-----+--------+

Top non-repeatable levels by time:
     D:8: 1997 daAuts
     D:3: 1485 daAuts
     D:6: 1268 daAuts
     D:7: 1249 daAuts
     D:5: 1144 daAuts
     D:9: 1126 daAuts
     D:2: 1078 daAuts
     D:4: 792 daAuts
   Sewer: 778 daAuts
     D:1: 552 daAuts
    D:10: 291 daAuts
